[Event "Open Nuevo Centro. Jornada 1"]
[Site "Chess.com"]
[Date "2020.06.19"]
[Round "1"]
[White "Campos Gambuti, Luis Mar�a"]
[Black "Gimenez Sanchis, Jose Antonio"]
[Result "1-0"]
[WhiteElo "2322"]
[BlackElo "1423"]
[TimeControl "180+2"]
[EndTime "10:32:22 PDT"]
[Termination "Victoria de Tangalangafacv por abandono"]

1. d4 d5 2. Nf3 Nf6 3. c4 e6 4.
Nc3 Be7 5. Bf4 O-O 6. e3 c5 7. cxd5 exd5 8. Be2 Nc6 9. O-O cxd4 10. Nxd4 a6 11.
Rc1 Bf5 12. Nxf5 Bb4 13. Bg5 h6 14. Bh4 Rc8 15. a3 Be7 16. Nxe7+ Qxe7 17. Nxd5 1

[Event "Open Nuevo Centro. Jornada 1"]
[Site "Chess.com"]
[Date "2020.06.19"]
[Round "1"]
[White "Mena Sancho, Angel"]
[Black "Cin� Asensio, Luca "]
[Result "1-0"]
[WhiteElo "1510"]
[BlackElo "398"]
[TimeControl "180+2"]
[EndTime "10:32:41 PDT"]
[Termination "Victoria de amena6 por jaque mate"]

1. e4 e5 2. Nf3 Nc6 3. Bc4 Bc5 4. b4 Bxb4 5. c3 Bc5 6. d4 exd4 7. cxd4 Bxd4 8. Nxd4 Nxd4 9. Qxd4 Nf6 10. e5 c5 11. Qf4 O-O 12. exf6 gxf6 13. O-O a6 14. Bd3 Kg7 15. Qg4+ Kh8 16. Qh5 Kg7 17. Qxh7# 1

[Event "Open Nuevo Centro. Jornada 1"]
[Site "Chess.com"]
[Date "2020.06.19"]
[Round "1"]
[White "Saiz Sapena, Veronica"]
[Black "Montesinos Diaz, Luis"]
[Result "0-1"]
[WhiteElo "1591"]
[BlackElo "1468"]
[TimeControl "180+2"]
[EndTime "10:32:52 PDT"]
[Termination "Victoria de Gwiso_06 por abandono"]

1. e4 c6 2. Nf3 d5 3. exd5 cxd5 4.
Be2 Nc6 5. d4 Nf6 6. O-O Bg4 7.
h3 Bh5 8. c3 e6 9. Bg5 Be7 10.
Nbd2 O-O 11. Qb3 Qc7 12. Rfe1 a6 13. a4 Na5 14. Qa3 Bxa3 15. Rxa3 Nc4 0

[Event "Open Nuevo Centro. Jornada 1"]
[Site "Chess.com"]
[Date "2020.06.19"]
[Round "1"]
[White "Elenkov Olmo, Ivan"]
[Black "Birnoveanu, Petru"]
[Result "0-1"]
[WhiteElo "798"]
[BlackElo "1581"]
[TimeControl "180+2"]
[EndTime "10:33:09 PDT"]
[Termination "Victoria de piculet por jaque mate"]

1. e4 Nc6 2. Nc3 e5 3. Nf3 Bc5 4. Bc4 d6 5. d3 a6 6. Ng5 Nh6 7. Nf3 Bg4 8. Bxh6 gxh6 9. h3 Be6 10. Ng1 Bxc4 11. dxc4 Qg5 12. Nf3 Qxg2 13. Rg1 Qxf2# 0

[Event "Open Nuevo Centro. Jornada 1"]
[Site "Chess.com"]
[Date "2020.06.19"]
[Round "1"]
[White "Donate Peris, Jose Manuel"]
[Black "Torres Biosca, Roberto"]
[Result "1-0"]
[WhiteElo "1592"]
[BlackElo "793"]
[TimeControl "180+2"]
[EndTime "10:33:46 PDT"]
[Termination "Victoria de cheryme por jaque mate"]

1. d4 d5 2. c4 dxc4 3. e3 Nc6 4. Bxc4 Nf6 5. Nc3 e6 6. a3 Bd6 7. Nf3 Bd7 8. e4 O-O 9. e5 Bxe5 10. dxe5 Ng4 11.
O-O f6 12. exf6 Qxf6 13. Bg5 Qf5 14. Qxd7 Nd8 15. Bxd8 Raxd8 16. Qxe6+ Qxe6 17. Bxe6+ Kh8 18. Bxg4 Rde8 19. h3 Rg8 20. Rfe1 Ref8 21. Be6 Rf7 22. Bxf7 Rf8 23. Ng5 c6 24. Re8 h6 25. Rxf8# 1

[Event "Open Nuevo Centro. Jornada 1"]
[Site "Chess.com"]
[Date "2020.06.19"]
[Round "1"]
[White "Chernikov, Vladimir"]
[Black "Camison Zornoza, Cesar"]
[Result "1-0"]
[WhiteElo "2259"]
[BlackElo "1398"]
[TimeControl "180+2"]
[EndTime "10:35:09 PDT"]
[Termination "Victoria de isla88 por abandono"]

1. b3 Nf6 2. Bb2 g6 3. Bxf6 exf6 4. c4 Bg7 5. Nc3 f5 6. Rc1 O-O 7. g3 Nc6 8. Bg2 d6 9. e3 Be6 10. Nge2 a5 11. d4 Bd7 12. a3 Qc8 13. O-O Ne7 14.
b4 axb4 15. axb4 c6 16. Qb3 Kh8 17. Nf4 Qc7 18. b5 c5 19. Nfd5 Nxd5 20. Nxd5 Qd8 21. dxc5 dxc5 22. Rfd1 Be6 23. Nf4 Qe7 24. h4 Ra7 25. b6 Ra5 26. Qd3 Rfa8 27. Nxe6 fxe6 28. Qd7 Re8 29. Qxe7 Rxe7 30. Rd8+ Bf8 31. Rxf8+ Kg7 32. Rb8 Kf6 33. Rxb7 Re8 34. Rxh7 Ra2 35. Rb1 Rb8 36. b7 Ra4 37. Rc7 1

[Event "Open Nuevo Centro. Jornada 1"]
[Site "Chess.com"]
[Date "2020.06.19"]
[Round "1"]
[White "Gil Lopez, Alejandro"]
[Black "Ursariu, Nikolas Victor"]
[Result "1-0"]
[WhiteElo "2042"]
[BlackElo "1194"]
[TimeControl "180+2"]
[EndTime "10:35:12 PDT"]
[Termination "Victoria de AglVal0313 por jaque mate"]

1. e4 e5 2. Nf3 Nc6 3. Bc4 Bc5 4. O-O Nf6 5. d4 exd4 6. e5 Ng8 7. Ng5 Qe7 8. Nxf7 d6 9. exd6 cxd6 10. Nxh8 Nf6 11. Nf7 Be6 12. Bxe6 Qxe6 13. Re1 Qxe1+ 14. Qxe1+ Kxf7 15. Bg5 h6 16. Bxf6 gxf6 17. Nd2 Re8 18. Qf1 Nb4 19.
Qc4+ Kg7 20. a3 Nc6 21. Nf3 Ne5 22. Nxe5 dxe5 23. Qxc5 Rd8 24. Qc7+ Kf8 25. Qxd8+ Kf7 26. f4 exf4 27. Re1 Kg6 28. Qg8+ Kf5 29. Qh7+ Kg5 30.
h4+ Kxh4 31. Qxh6+ Kg4 32. Qg6+ Kh4 33. Qxf6+ Kg4 34.
Re5 a6 35. Rg5+ Kh4 36. Qh6# 1

[Event "Open Nuevo Centro. Jornada 1"]
[Site "Chess.com"]
[Date "2020.06.19"]
[Round "1"]
[White "Lopez Mateo, Juan Carlos"]
[Black "Furio Martinez, Francisco"]
[Result "1-0"]
[WhiteElo "1930"]
[BlackElo "1144"]
[TimeControl "180+2"]
[EndTime "10:35:22 PDT"]
[Termination "Victoria de Tarantantinov por jaque mate"]

1. e4 e6 2. Nf3 d5 3. e5 f6 4. d4 fxe5 5. dxe5 Be7 6. Bd3 Nd7 7. O-O b6 8. c4 Bb7 9. Nd4 Nxe5 10. Qh5+ Nf7 11.
Nxe6 Qd7 12. Re1 Nf6 13. Qh3 Nd6 14. Bg6+ Nf7 15. Nxg7+ Kf8 16. Bf5 Kxg7 17. Bxd7 Nxd7 18. Qxd7 dxc4 19. Rxe7 Kg6 20. Nc3 Bxg2 21. Qg4+ Kf6 22. Re6# 1

[Event "Open Nuevo Centro. Jornada 1"]
[Site "Chess.com"]
[Date "2020.06.19"]
[Round "1"]
[White "Amor�s P�rez, Manuel David"]
[Black "Garrido Barona, An�bal"]
[Result "1-0"]
[WhiteElo "1631"]
[BlackElo "794"]
[TimeControl "180+2"]
[EndTime "10:35:26 PDT"]
[Termination "Victoria de mpad1984 por tiempo"]

1. e4 e5 2. Nf3 Nc6 3. Bc4 Nf6 4. Ng5 Qe7 5. Bxf7+ Kd8 6. Bc4 Nh5 7. Qxh5 g6 8.
Qh4 Bg7 9. Nf7+ Ke8 10. Qxe7+ Kxe7 11. Ng5 Rf8 12. O-O h6 13. Nf3 g5 14. h3 Nb4 15.
Bb3 d6 16. a3 Nc6 17. Nc3 h5 18. Nd5+ Kd7 19. Nxg5 Nd4 20. d3 Ne2+ 21. Kh1 1

[Event "Open Nuevo Centro. Jornada 1"]
[Site "Chess.com"]
[Date "2020.06.19"]
[Round "1"]
[White "Fitzpatrick Dimas  , Andrew "]
[Black "Sanchez Saez, Francisco"]
[Result "0-1"]
[WhiteElo "1395"]
[BlackElo "2273"]
[TimeControl "180+2"]
[EndTime "10:35:27 PDT"]
[Termination "Victoria de Pacman1995 por abandono"]

1. e4 c5 2. Nf3 d6 3. Nc3 Nf6 4. d3 g6 5. g3 Bg7 6. Bg2 O-O 7. Be3 Nc6 8. O-O Rb8 9. a4 a6 10. b3 Ng4 11. Qe2 Nxe3 12. Qxe3 Bxc3 13. Rac1 Bg7 14. Qg5 e6 15. Qxd8 Rxd8 16. Ng5 Nd4 17. Nf3 Ne2+ 18.
Kh1 Nxc1 19. Rxc1 d5 20. exd5 exd5 21. c4 dxc4 22. dxc4 Bg4 23. Kg1 Bxf3 24. Bxf3 Rd2 25. Kg2 Bd4 26. Rf1 b5 27. cxb5 axb5 28. axb5 Rxb5 29.
Bd5 Bxf2 30. Rxf2 Rxd5 0

[Event "Open Nuevo Centro. Jornada 1"]
[Site "Chess.com"]
[Date "2020.06.19"]
[Round "1"]
[White "Cebri�n Granado, Guille"]
[Black "Salvador Buiza, Victor"]
[Result "0-1"]
[WhiteElo "399"]
[BlackElo "1521"]
[TimeControl "180+2"]
[EndTime "10:35:31 PDT"]
[Termination "Victoria de TERROROSCURO666 por tiempo"]

1. e3 e5 2. Nf3 Nc6 3. Nc3 Nf6 4. Bc4 d5 5. Bb5 Bd6 6. Kf1 Bg4 7. Rg1 e4 8. Nh4 Bxd1 9. Ke1 Qd7 10. h3 Bh5 11. g4 Bg6 12. b4 Bxb4 13. a3 Bd6 14. a4 O-O 15. Nxd5 Nxd5 16. f4 exf3 17. Nxg6 fxg6 18. h4 f2+ 0

[Event "Open Nuevo Centro. Jornada 1"]
[Site "Chess.com"]
[Date "2020.06.19"]
[Round "1"]
[White "Luque Saiz, Andres"]
[Black "Hern�ndez Tom�s, Efr�n"]
[Result "1-0"]
[WhiteElo "1696"]
[BlackElo "900"]
[TimeControl "180+2"]
[EndTime "10:35:55 PDT"]
[Termination "Victoria de Chuch1n por jaque mate"]

1. e4 e5 2. d4 exd4 3. Nf3 Nf6 4. e5 Ng4 5. h3 Nh6 6. Bxh6 gxh6 7. Bc4 Nc6 8. O-O Bc5 9. Nbd2 d6 10. Ne4 dxe5 11.
Nxc5 b6 12. Bb5 Bb7 13. Bxc6+ Bxc6 14. Nxe5 bxc5 15. Nxc6 Qd5 16. Qe2+ Qe6 17. Qb5 O-O 18. Qxc5 Rae8 19. Nxd4 Qd6 20. Qxd6 cxd6 21. c4 Rd8 22. Nc6 Rd7 23. b3 Rc7 24. Nb4 Rb7 25.
Nd5 Re8 26. Rfe1 Rxe1+ 27. Rxe1 Kg7 28. Re7 Rxe7 29. Nxe7 a5 30. Nf5+ Kg6 31. Nxd6 Kf6 32. a4 Ke6 33. Nb7 Kd7 34. Nxa5 Kc7 35. b4 Kb6 36. f4 f5 37. Kf2 h5 38. Ke3 Kc7 39. Kd4 Kd6 40. c5+ Kc7 41. b5 h6 42.
Kd5 h4 43. Ke5 Kb8 44. Ke6 Kc7 45. b6+ Kb8 46. c6 Kc8 47. Kd6 Kb8 48. c7+ Kc8 49. b7# 1

[Event "Open Nuevo Centro. Jornada 1"]
[Site "Chess.com"]
[Date "2020.06.19"]
[Round "1"]
[White "Teply Koutsky, David"]
[Black "Galiana Ferrer, Oscar"]
[Result "1-0"]
[WhiteElo "1582"]
[BlackElo "738"]
[TimeControl "180+2"]
[EndTime "10:35:56 PDT"]
[Termination "Victoria de Mrchessmashine por jaque mate"]

1. d4 d5 2. c4 e6 3. Nc3 Nf6 4. Bg5 Nc6 5. e3 Bd6 6. cxd5 exd5 7. Nxd5 O-O 8. Nxf6+ gxf6 9. Bh6 Re8 10. Be2 Bb4+ 11. Kf1 Bd6 12. Bg4 f5 13. Be2 Qh4 14. Bf4 Qd8 15. Bg3 Be6 16. Nf3 Rf8 17. Bxd6 cxd6 18. g3 d5 19. Kg2 a6 20. Ne5 Nxe5 21. dxe5 b5 22. f4 Bd7 23. Bf3 Bc6 24. Rc1 Bb7 25.
h3 f6 26. exf6 Rxf6 27. g4 fxg4 28. hxg4 Rf8 29. Qc2 Rc8 30. Qxh7# 1

[Event "Open Nuevo Centro. Jornada 1"]
[Site "Chess.com"]
[Date "2020.06.19"]
[Round "1"]
[White "Haoyou, Deng"]
[Black "Lupu, Alexandru Mihai"]
[Result "1-0"]
[WhiteElo "1807"]
[BlackElo "1020"]
[TimeControl "180+2"]
[EndTime "10:36:02 PDT"]
[Termination "Victoria de Hoyau por tiempo"]

1. d4 d5 2. c4 c6 3. Nf3 Bf5 4. cxd5 cxd5 5. Nc3 Nf6 6. Qb3 e6 7. Qxb7 Nbd7 8. e3 Qb8 9. Qxb8+ Rxb8 10. Be2 Bd6 11.
O-O O-O 12. b3 Rfe8 13. Bb2 h6 14. h3 e5 15. dxe5 Bxe5 16. Nxe5 Nxe5 17. Rfd1 Rbd8 18. Rac1 Nc6 19. Nb5 Nb4 20. a3 Na6 21. Nxa7 Rd7 22. Nc6 Rc8 23. Bxf6 gxf6 24. Bxa6 Rcc7 25. b4 Rd6 26. b5 Bd7 27. Ne7+ Kh7 28. Rxc7 Bxb5 29. Bxb5 1

[Event "Open Nuevo Centro. Jornada 1"]
[Site "Chess.com"]
[Date "2020.06.19"]
[Round "1"]
[White "Deusa Ballesteros, Luis Miguel"]
[Black "Selva Viu, Antonio"]
[Result "1-0"]
[WhiteElo "1520"]
[BlackElo "399"]
[TimeControl "180+2"]
[EndTime "10:36:09 PDT"]
[Termination "Victoria de luma2 por tiempo"]

1. Nf3 d5 2. g3 e6 3. Bg2 Bc5 4.
d4 Bd6 5. Bg5 Be7 6. Bxe7 Qxe7 7. c4 Nf6 8. Nc3 O-O 9. cxd5 exd5 10.
O-O Re8 11. e3 Ne4 12. Nxe4 dxe4 13. Ne5 c5 14. Qc2 cxd4 15. exd4 Nc6 16. Nxc6 bxc6 17.
Rfe1 Bf5 18. Qxc6 Qd7 19. Qxd7 Bxd7 20. Rxe4 Rxe4 21. Bxe4 Rb8 22. b3 Re8 23. Bf3 f6 24. Kf1 Bh3+ 25. Bg2 Bd7 26. Re1 Rxe1+ 27. Kxe1 Bg4 28.
Kd2 1

[Event "Open Nuevo Centro. Jornada 1"]
[Site "Chess.com"]
[Date "2020.06.19"]
[Round "1"]
[White "Clement G�mez, Jos� Antonio"]
[Black "Donate Moreno, David"]
[Result "1-0"]
[WhiteElo "2489"]
[BlackElo "1487"]
[TimeControl "180+2"]
[EndTime "10:36:11 PDT"]
[Termination "Victoria de P4AD por jaque mate"]

1. d4 Nf6 2. c4 c5 3. d5 b5 4. cxb5 d6 5. Nc3 a6 6. b6 Qxb6 7. Nf3 g6 8. Nd2 Bg7 9. e4 O-O 10. Be2 a5 11. O-O Ba6 12. Nc4 Bxc4 13. Bxc4 Na6 14. h3 a4 15. a3 Qa5 16. Qe2 Rfb8 17. Rb1 Nd7 18. Bf4 Ne5 19. Bg3 Nxc4 20. Qxc4 Rb3 21.
Qxa4 Qxa4 22. Nxa4 Rab8 23. Rfe1 Bxb2 24. Nxb2 Rxb2 25.
Rxb2 Rxb2 26. e5 dxe5 27. Rxe5 Rb3 28. Bf4 Kg7 29. Rxe7 c4 30. Be5+ Kf8 31. Ra7 Nc5 32. Bd6+ Kg7 33. Bxc5 c3 34. Bd4+ Kg8 35. Rc7 Rb1+ 36.
Kh2 h5 37. Rc8+ Kh7 38. Rh8# 1

[Event "Open Nuevo Centro. Jornada 1"]
[Site "Chess.com"]
[Date "2020.06.19"]
[Round "1"]
[White "Yatseta Fernandez, Marc Kazymyr"]
[Black "Garcia Trobat, Francisco"]
[Result "0-1"]
[WhiteElo "1388"]
[BlackElo "2221"]
[TimeControl "180+2"]
[EndTime "10:36:15 PDT"]
[Termination "Victoria de NoSure por abandono"]

1. d4 Nf6 2. c4 e6 3. g3 Bd6 4. Bg2 Bb4+ 5. Bd2 c5 6. Nf3 Qb6 7. O-O Nc6 8. dxc5 Bxc5 9. Nc3 Be7 10. Re1 O-O 11. Qc2 d6 12. Rac1 Bd7 13. b3 Rac8 14. Be3 Qa5 15. Red1 d5 16. cxd5 Nb4 17. Qb2 Nbxd5 18.
Nxd5 Nxd5 19. Ne5 Ba3 20. Qb1 Rxc1 21. Rxc1 Bxc1 22. Qxc1 Rc8 23. Qb2 Nxe3 24. fxe3 Qe1+ 25. Bf1 Rc1 0

[Event "Open Nuevo Centro. Jornada 1"]
[Site "Chess.com"]
[Date "2020.06.19"]
[Round "1"]
[White "Macias Pino, Diego"]
[Black "Gutierrez Lacambra, Jose Antonio"]
[Result "1-0"]
[WhiteElo "2205"]
[BlackElo "1294"]
[TimeControl "180+2"]
[EndTime "10:36:29 PDT"]
[Termination "Victoria de jesuimafe por tiempo"]

1. e4 c5 2. Nf3 d6 3. d3 Nc6 4. Nbd2 e6 5. g3 Nf6 6. Bg2 Be7 7. O-O O-O 8. c3 Qc7 9. Re1 a6 10. a3 b5 11. b4 Bb7 12. Bb2 Rfe8 13. Qe2 Rad8 14.
Rad1 Ng4 15. h3 Nge5 16. Nxe5 Nxe5 17. f4 Nc6 18. Nf3 cxb4 19. cxb4 Qb6+ 20. Kh2 Rc8 21. g4 a5 22. Qd2 axb4 23. axb4 Bf8 24. Ba1 Ne7 25. h4 Rc7 26. Re2 Rec8 27. Qb2 1

[Event "Open Nuevo Centro. Jornada 1"]
[Site "Chess.com"]
[Date "2020.06.19"]
[Round "1"]
[White "Aguado, Pablo Luis"]
[Black "Aymerich Rosell, Pablo"]
[Result "0-1"]
[WhiteElo "1194"]
[BlackElo "2033"]
[TimeControl "180+2"]
[EndTime "10:36:33 PDT"]
[Termination "Victoria de jasikevic por abandono"]

1. d4 Nf6 2. c4 g6 3. Nc3 Bg7 4. e4 d6 5. Nf3 O-O 6. Be2 Nbd7 7.
O-O e5 8. d5 Nc5 9. Nd2 a5 10. b3 Ne8 11. Bb2 f5 12. f3 Nf6 13.
a3 Nh5 14. b4 Na6 15. Nb3 axb4 16. axb4 Bd7 17. Ba3 Bh6 18. c5 Be3+ 19. Kh1 Qg5 20. Bxa6 Ng3+ 0

[Event "Open Nuevo Centro. Jornada 1"]
[Site "Chess.com"]
[Date "2020.06.19"]
[Round "1"]
[White "Mart�nez Carvajal, Juan Francisco"]
[Black "Fern�ndez Mart�n, Berta"]
[Result "1-0"]
[WhiteElo "1793"]
[BlackElo "993"]
[TimeControl "180+2"]
[EndTime "10:36:33 PDT"]
[Termination "Victoria de JuanFcoMtnezCarvajal por tiempo"]

1. Nf3 d5 2. c4 Nf6 3. cxd5 c6 4. dxc6 Nxc6 5. Nc3 e5 6. d3 Bc5 7. Bg5 O-O 8. Ne4 Be7 9. Nxf6+ Bxf6 10. Bxf6 Qxf6 11. g3 e4 12. dxe4 Rd8 13. Qb3 Be6 14. Qc3 Qe7 15.
Bg2 Rac8 16. O-O Nb4 17. Qa3 Qc5 18. Rad1 1

[Event "Open Nuevo Centro. Jornada 1"]
[Site "Chess.com"]
[Date "2020.06.19"]
[Round "1"]
[White "Grigorev, Artur "]
[Black "Roca Cruz, Rafael"]
[Result "0-1"]
[WhiteElo "868"]
[BlackElo "1666"]
[TimeControl "180+2"]
[EndTime "10:36:46 PDT"]
[Termination "Victoria de RafaRocaCruz por jaque mate"]

1. e4 c5 2. Bc4 e6 3. Nf3 d5 4.
exd5 exd5 5. Bb5+ Bd7 6. Bxd7+ Nxd7 7. d3 Ngf6 8. O-O Be7 9. Re1 O-O 10. Bg5 Re8 11. Bxf6 Bxf6 12. Rxe8+ Qxe8 13. Nc3 Nb6 14. Qd2 Qd7 15. Re1 Re8 16. Rxe8+ Qxe8 17. h3 g6 18. Ng5 Qe7 19. h4 Bxg5 20. hxg5 Qe5 21. f4 Qe6 22. d4 Nc4 23. Qd3 Qe1+ 24. Kh2 cxd4 25. Nxd5 Ne3 26. Qxd4 Nf1+ 27. Kh3 Qg3# 0

[Event "Open Nuevo Centro. Jornada 1"]
[Site "Chess.com"]
[Date "2020.06.19"]
[Round "1"]
[White "Pitarch Soriano, Pablo"]
[Black "Gracia Calvo, Andres"]
[Result "0-1"]
[WhiteElo "1093"]
[BlackElo "1837"]
[TimeControl "180+2"]
[EndTime "10:36:48 PDT"]
[Termination "Victoria de andresjaque21 por jaque mate"]

1. e4 d5 2. Nc3 d4 3. Nb5 c5 4. Nf3 Nc6 5. Be2 e5 6. O-O a6 7. Na3 Be6 8. Bc4 Qd7 9. Bxe6 Qxe6 10. d3 Nge7 11. Ng5 Qd6 12. Qf3 f6 13. Nc4 Qd7 14. Nh3 b5 15. Nb6 Qb7 16. Nxa8 Qxa8 17. c3 Qc8 18.
cxd4 Nxd4 19. Qd1 Nec6 20. Be3 Bd6 21. Bxd4 Nxd4 22. Qh5+ Ke7 23. Qd1 Qc7 24. Rc1 Rc8 25.
b4 c4 26. dxc4 bxc4 27. Qg4 Kf7 28. Qh5+ Kg8 29. Rc3 Bxb4 30. Rcc1 Qc6 31. Qd1 c3 32. f3 Qc5 33. Kh1 Qc4 34. Re1 a5 35. Qa4 c2 36.
Re3 Bd2 37. Qxc4+ Rxc4 38. Ra3 Bxc1 39. Rxa5 Bd2 40. Ra8+ Kf7 41. Kg1 c1=Q+ 42. Kf2 Qe1# 0

[Event "Open Nuevo Centro. Jornada 1"]
[Site "Chess.com"]
[Date "2020.06.19"]
[Round "1"]
[White "Garcia Navasquillo, Julia"]
[Black "Gerona Maura, Jesus"]
[Result "0-1"]
[WhiteElo "399"]
[BlackElo "1511"]
[TimeControl "180+2"]
[EndTime "10:36:50 PDT"]
[Termination "Victoria de Retistente por tiempo"]

1. e4 c5 2. Nf3 Nc6 3. Nc3 Nf6 4.
Bb5 Nd4 5. Nxd4 cxd4 6. Ne2 Nxe4 7. f3 Nd6 8. Bd3 e5 9. c3 Qb6 10. Bc2 Be7 11. d3 dxc3 12. Nxc3 Qc6 13. O-O O-O 14. Be3 f5 15. Qe2 f4 16. Bf2 Nf7 17. Be1 d6 18. Ba4 Qc7 19. Bf2 Be6 20. b3 Qxc3 21. Bb5 Qb4 22. Ba4 b5 23. Kh1 bxa4 24. a3 Qxb3 25. Rab1 Qa2 26. Ra1 Qxe2 27. Rfe1 Qxf2 28. Rf1 Qe2 29.
Rae1 Qxd3 30. Rd1 Qxa3 31. Ra1 Qc5 32. Rac1 Qa5 33. Rce1 Rfc8 34. Kg1 Rc2 35. Rf2 Qxe1+ 0

[Event "Open Nuevo Centro. Jornada 1"]
[Site "Chess.com"]
[Date "2020.06.19"]
[Round "1"]
[White "Beneyto de Ramon, Guillermo"]
[Black "Granero Roca, Antonio"]
[Result "0-1"]
[WhiteElo "1488"]
[BlackElo "2523"]
[TimeControl "180+2"]
[EndTime "10:36:57 PDT"]
[Termination "Victoria de Somtor por abandono"]

1. c4 Nf6 2. Nc3 g6 3. g3 Bg7 4.
Bg2 O-O 5. Nf3 d6 6. O-O c5 7. d3 Nc6 8. Bg5 Qd7 9. Bxf6 Bxf6 10. Nd5 Bg7 11. e4 Bxb2 12. Rb1 Bg7 13. Ng5 e6 14. Bh3 Qd8 15. Ne3 Qxg5 16. f4 Qe7 17. Bg2 b6 18. e5 Bb7 19. Ng4 Rfd8 20. Nf2 Nd4 21. Bxb7 Qxb7 22. Ne4 dxe5 23. fxe5 Bxe5 24. Qe1 Qc6 25. Qf2 f5 26. Ng5 Bf6 27. Nh3 Rd7 28.
Nf4 Rad8 29. Rfe1 Nf3+ 30. Kf1 Nxe1 31. Rxe1 e5 32. Nd5 Rxd5 33. cxd5 Qxd5 34. Qd2 Qxd3+ 35. Qxd3 Rxd3 36. Re2 e4 37. Kg2 c4 38. Kf2 c3 39.
Ke1 b5 0

[Event "Open Nuevo Centro. Jornada 1"]
[Site "Chess.com"]
[Date "2020.06.19"]
[Round "1"]
[White "Blanco Solaz, Ram�n"]
[Black "R�os Valle, Daniel "]
[Result "1-0"]
[WhiteElo "1982"]
[BlackElo "1167"]
[TimeControl "180+2"]
[EndTime "10:36:59 PDT"]
[Termination "Victoria de Rbs77 por tiempo"]

1. e4 c5 2. d4 cxd4 3. c3 dxc3 4. Nxc3 Nf6 5. Bc4 e6 6. Nf3 Bb4 7. O-O Bxc3 8. bxc3 Nxe4 9. Qb3 d5 10. Bd3 Nf6 11.
Ba3 Nc6 12. Rfe1 Qc7 13. Rac1 Bd7 14. Qb1 h6 15. c4 Qa5 16. Bd6 dxc4 17. Qxb7 Rd8 18.
Bxc4 Qb6 19. Rb1 Qxb7 20. Rxb7 Na5 21. Rb4 Nxc4 22. Rxc4 Bb5 23. Rd4 Bc6 24. Ne5 Ba8 25. f3 g6 26. Rc1 Nd7 27. Nd3 Bd5 28. Rc7 1

[Event "Open Nuevo Centro. Jornada 1"]
[Site "Chess.com"]
[Date "2020.06.19"]
[Round "1"]
[White "Mart�nez Cuenca, Adri�n "]
[Black "Rodriguez Rodriguez, Joan David "]
[Result "0-1"]
[WhiteElo "794"]
[BlackElo "1628"]
[TimeControl "180+2"]
[EndTime "10:36:59 PDT"]
[Termination "Victoria de Not_Jr_chess por jaque mate"]

1. e4 e5 2. Nf3 Nc6 3. Nc3 Nf6 4. b3 h6 5. g3 Bb4 6. Bg2 O-O 7. O-O Bxc3 8.
dxc3 Nxe4 9. Nd2 Nxc3 10. Qh5 d6 11. Nc4 Qf6 12. f4 exf4 13. gxf4 Ne2+ 14. Kf2 Nxf4 15. Kg1 Nxh5 16. Ne3 Qxa1 17. h4 Ng3 18. Kh2 Nxf1+ 19.
Bxf1 Qxc1 20. Bb5 Qxe3 21. Bxc6 bxc6 22. Kg2 Bg4 23. b4 Qf3+ 24. Kh2 Qf2+ 25. Kh1 Bf3# 0

[Event "Open Nuevo Centro. Jornada 1"]
[Site "Chess.com"]
[Date "2020.06.19"]
[Round "1"]
[White "M�ndez Gim�nez , N�stor Emmanuel"]
[Black "Movsisyan, Tigran"]
[Result "0-1"]
[WhiteElo "1144"]
[BlackElo "1887"]
[TimeControl "180+2"]
[EndTime "10:37:05 PDT"]
[Termination "Victoria de USHADIRvzgo por jaque mate"]

1. e4 c5 2. Nf3 e5 3. d4 exd4 4. c3 d5 5. cxd4 dxe4 6. Nfd2 Nf6 7. Bb5+ Bd7 8. Bxd7+ Qxd7 9. Nc3 cxd4 10. Ncxe4 Nxe4 11. Nxe4 Nc6 12. O-O Be7 13. Bf4 O-O 14. Qc2 Rac8 15.
Bg5 Nb4 16. Qb1 Nc2 17. Bxe7 Qxe7 18. Nd2 Nxa1 19. Qxa1 Rc2 20. Re1 Qf6 21. Ne4 Qb6 22.
b3 d3 23. Qb1 Rfc8 24. h3 d2 25. Nc3 dxe1=Q+ 26. Qxe1 R2xc3 27. a4 Rc1 28. Qxc1 Rxc1+ 29. Kh2 Qxb3 30. f3 Qd1 31. Kg3 Qf1 32. Kf4 Rc2 33. g4 Qxh3 34. Kg5 h6+ 35. Kf4 Rc4+ 36. Ke3 Qxf3+ 37.
Kxf3 Rxa4 38. Kg3 Rxg4+ 39. Kxg4 a5 40. Kf3 a4 41. Ke2 a3 42. Kd1 a2 43. Kc1 a1=Q+ 44.
Kc2 Qa3 45. Kd2 Qh3 46. Kd1 b5 47. Kc1 b4 48. Kd1 b3 49. Kc1 Qc3+ 50. Kb1 Qc2+ 51. Ka1 Qa2# 0

[Event "Open Nuevo Centro. Jornada 1"]
[Site "Chess.com"]
[Date "2020.06.19"]
[Round "1"]
[White "Limaymanta Solis, Luis Anderson"]
[Black "Gutierrez Marco, Dario"]
[Result "0-1"]
[WhiteElo "1147"]
[BlackElo "1950"]
[TimeControl "180+2"]
[EndTime "10:37:14 PDT"]
[Termination "Victoria de rususs por jaque mate"]

1. e3 c5 2. b3 Nf6 3. Nf3 b6 4. g3 Bb7 5. Bg2 e6 6. O-O Be7 7. Bb2 O-O 8. Nc3 Nc6 9. d4 d5 10. dxc5 bxc5 11. Nb5 a6 12. Nc3 Qc7 13. Ne2 Rfd8 14.
Nf4 e5 15. Nh3 e4 16. Ne1 d4 17. exd4 Nxd4 18. Bxd4 cxd4 19. Rc1 Qb6 20. Nf4 Bc5 21. h4 e3 22. Bxb7 Qxb7 23. fxe3 dxe3 24. Kh2 Rxd1 25. Rxd1 Ng4+ 26. Kh3 Nf2+ 27. Kh2 Nxd1 28. Ned3 e2 29. Nxe2 Ne3 30. Rg1 Ba7 31. Nef4 Ng4+ 32. Kh3 Bxg1 33.
Kxg4 Qd7+ 34. Kf3 Rc8 35. Ne5 Qd1+ 36. Ne2 Rxc2 37. Kf4 Rxe2 38. Nf3 Be3+ 39. Kg4 Rf2 40. h5 Qxf3+ 41. Kh3 Qxh5# 0

[Event "Open Nuevo Centro. Jornada 1"]
[Site "Chess.com"]
[Date "2020.06.19"]
[Round "1"]
[White "Yeste Campos, Manuel"]
[Black "G�mez Alonso, �scar"]
[Result "0-1"]
[WhiteElo "922"]
[BlackElo "1764"]
[TimeControl "180+2"]
[EndTime "10:37:16 PDT"]
[Termination "Victoria de osgo78 por jaque mate"]

1. e4 c5 2. Nf3 Nc6 3. d4 cxd4 4. Nxd4 e6 5. Nc3 Bb4 6. Bd2 Nge7 7. Bd3 d5 8. Nxc6 bxc6 9. exd5 cxd5 10. O-O O-O 11. Qh5 Ng6 12. a3 Be7 13. Rfe1 Bf6 14. Re3 e5 15. Rg3 e4 16. Nxe4 dxe4 17. Bxe4 Rb8 18. Bf4 Rxb2 19. Rc1 Bb7 20. Bd3 Qd5 21. Qe2 Nxf4 22.
Qg4 Nxd3 23. Rd1 Rxc2 24. Rgxd3 Qe6 25. Re3 Qxg4 26. Rg3 Qxd1# 0

[Event "Open Nuevo Centro. Jornada 1"]
[Site "Chess.com"]
[Date "2020.06.19"]
[Round "1"]
[White "Ferrero Sanchis, Enrique"]
[Black "Sanchis Bon, Sergi"]
[Result "1-0"]
[WhiteElo "1523"]
[BlackElo "399"]
[TimeControl "180+2"]
[EndTime "10:37:20 PDT"]
[Termination "Victoria de kikeferrero por tiempo"]

1. d4 Nf6 2. Bf4 Nc6 3. Nf3 d5 4. e3 Bf5 5. Nbd2 e6 6. c3 Bd6 7. Ne5 Nxe5 8. dxe5 Bxe5 9. Bxe5 Ne4 10. Nxe4 Bxe4 11.
f3 Bg6 12. Bxg7 Rg8 13. Be5 f6 14. Bg3 h5 15. Bd3 Bxd3 16. Qxd3 f5 17. O-O c5 18. e4 c4 19. Qd4 fxe4 20. fxe4 dxe4 21. Qxd8+ Rxd8 22. Rad1 Rxd1 23. Rxd1 Kf7 24. Rd4 b5 25. Rxe4 a5 26. Re5 h4 27. Be1 Rb8 28. Bxh4 Rb7 29. Kf2 a4 30. a3 b4 31. cxb4 c3 32. bxc3 Rd7 33. Ke2 Rd6 34. Ra5 Rc6 35. Be1 Rc4 36. Rxa4 Re4+ 37. Kd2 Rg4 38. g3 Re4 39. Ra7+ Kf6 40.
c4 Rxc4 41. Kd3 Rc6 42. Bc3+ 1